Map: Fear and Faith LE

Players

SLicKcHeeZEE - Winner!

  • Race: Zerg Zerg

A.I. 1 (Very Hard)

  • Race: Terran Terran

VOD

Have the link to the VOD?

Description

Time

  • Played on: Sept. 10, 2026, 4:14 p.m.
  • Length: 15:07
Show
View Real Time Build Order
Export as new Build Order

SLicKcHeeZEE Zerg - Winner!

Build Orders: Hatch First, Roach Hydra 

Get SALT Encoding   

  8  0:00  Drone  
  9  0:11  Drone  
  10  0:17  Drone  
  11  0:27  Overlord  
  11  0:33  Drone  
  12  0:45  Drone x2  
  14  0:51  Drone  
  15  1:15  Hatchery, Drone  
  15  1:19  Drone  
  16  1:34  Spawning Pool  
  16  1:37  Extractor  
  16  1:39  Drone  
  15  1:43  Drone  
  16  1:47  Drone  
  16  1:52  Drone  
  18  2:01  Overlord  
  18  2:11  Drone  
  19  2:21  Queen  
  21  2:27  Queen  
  23  2:34  Drone  
  23  2:35  Drone  
  25  2:40  Overlord  
  25  2:45  Drone  
  25  2:48  Drone  
  25  2:50  Drone  
  28  2:54  Drone  
  29  3:03  Lair  
  29  3:11  Roach Warren  
  28  3:14  Drone  
  28  3:19  Overlord  
  29  3:26  Drone  
  29  3:27  Drone  
  31  3:33  Drone x2  
  31  3:34  Drone x2  
  35  3:37  Drone  
  36  3:43  Overlord  
  36  3:51  Roach x2  
  36  3:52  Roach  
  44  3:55  Roach  
  44  4:00  Extractor  
  43  4:03  Hydralisk Den  
  43  4:05  Drone  
  43  4:06  Drone x2  
  45  4:12  Extractor  
  45  4:13  Drone x2  
  45  4:14  Drone  
  47  4:29  Hatchery  
  46  4:35  Hydralisk x2  
  50  4:38  Overlord  
  50  4:43  Evolution Chamber  
  49  4:46  Overlord  
  49  4:54  Drone x2  
  49  4:55  Drone  
  49  4:56  Drone  
  53  5:02  Drone x3  
  56  5:07  Glial Reconstitution  
  56  5:09  Grooved Spines  
  56  5:13  Zerg Missile Weapons Level 1  
  56  5:20  Overlord  
  56  5:29  Roach x3  
  56  5:30  Roach  
  56  5:31  Roach  
  56  5:33  Roach  
  68  5:39  Overlord  
  68  5:42  Hydralisk x2  
  72  6:00  Queen  
  72  6:01  Overlord  
  74  6:05  Muscular Augments  
  74  6:09  Drone x4  
  74  6:10  Drone x2  
  80  6:25  Roach x3  
  86  6:26  Roach x2, Hydralisk  
  86  6:27  Hydralisk  
  86  6:29  Hydralisk  
  86  6:32  Hydralisk  
  96  6:37  Overlord  
  98  6:43  Extractor  
  98  6:44  Drone  
  98  6:45  Drone x2  
  98  6:46  Overlord  
  100  6:58  Overlord x2  
  100  7:10  Overlord  
  100  7:27  Ravager x3  
  103  7:31  Roach x4  
  103  7:32  Hydralisk x3  
  103  7:33  Hydralisk  
  119  7:45  Overlord  
  119  7:52  Zerg Missile Weapons Level 2  
  119  7:58  Evolution Chamber  
  119  8:00  Roach x4, Hydralisk x2  
  119  8:02  Hydralisk  
  132  8:07  Overlord  
  132  8:18  Overlord  
  132  8:35  Zerg Ground Armor Level 1  
  86  9:16  Roach  
  86  9:17  Roach x4  
  92  9:19  Roach x2, Hydralisk  
  92  9:20  Roach, Hydralisk x2  
  108  9:29  Roach x2, Hydralisk x2  
  108  9:30  Roach, Hydralisk x2  
  122  9:45  Queen  
  124  9:57  Roach x4, Hydralisk x3  
  124  9:58  Hatchery  
  139  10:00  Roach x2, Hydralisk x3  
  139  10:03  Overlord  
  147  10:11  Extractor, Drone x3  
  147  10:13  Overlord x2  
  149  10:43  Zerg Ground Armor Level 2  
  149  10:54  Roach  
  149  10:55  Roach x3, Hydralisk x6  
  169  10:57  Hydralisk x3, Roach x2  
  169  10:58  Overlord x2  
  179  11:15  Ravager x3  
  182  11:18  Ravager  
  183  11:36  Hydralisk  
  183  11:37  Hydralisk x2, Roach x3  
  183  11:38  Roach x2  
  135  13:30  Hydralisk  
  135  13:31  Hydralisk x24  
  135  13:32  Hydralisk x6  
Show
View Real Time Build Order
Export as new Build Order

A.I. 1 (Very Hard) Terran 

Build Orders:  

Get SALT Encoding   

  8  0:00  SCV  
  9  0:13  SCV  
  10  0:25  SCV  
  11  0:37  SCV  
  12  0:46  Supply Depot  
  12  0:49  SCV  
  13  1:07  SCV  
  13  1:10  Barracks  
  14  1:19  SCV  
  15  1:32  SCV  
  16  1:44  SCV  
  17  1:50  Supply Depot  
  17  1:56  SCV  
  17  1:57  Refinery  
  17  1:58  Marine  
  19  2:08  SCV  
  20  2:16  Marine  
  20  2:17  Barracks  
  20  2:20  SCV  
  22  2:26  Refinery  
  22  2:32  SCV  
  22  2:34  Marine  
  24  2:44  Supply Depot, SCV  
  25  2:51  Marine  
  25  2:56  SCV  
  27  3:04  Marine  
  28  3:08  SCV  
  28  3:09  Factory  
  29  3:15  Marine  
  30  3:20  SCV  
  30  3:21  Marine  
  32  3:32  Marine  
  32  3:33  SCV  
  34  3:39  Marine  
  35  3:45  SCV  
  36  3:51  Barracks  
  36  3:57  SCV  
  36  3:59  Supply Depot  
  37  4:04  Barracks Tech Lab  
  37  4:06  Barracks Tech Lab  
  37  4:19  Starport, Factory Tech Lab  
  37  4:21  SCV  
  38  4:33  SCV, Marine  
  40  4:39  Marine  
  40  4:42  Stimpack  
  40  4:45  SCV  
  42  4:47  Combat Shield  
  42  4:57  SCV  
  43  5:03  Supply Depot  
  43  5:09  SCV  
  44  5:21  SCV  
  44  5:24  Marine, Marauder  
  44  5:27  Supply Depot  
  48  5:33  SCV  
  49  5:37  Barracks Reactor, Siege Tank  
  52  5:45  Command Center, Marine  
  52  5:47  Orbital Command  
  52  5:48  Marauder  
  55  5:58  Supply Depot  
  55  6:04  Marauder  
  57  6:09  Marine  
  58  6:19  Siege Tank  
  58  6:25  Marauder  
  63  6:29  Supply Depot  
  63  6:33  Marauder  
  67  6:47  Marauder, Engineering Bay  
  67  6:51  Siege Tank  
  70  6:54  Marauder  
  70  6:58  SCV  
  70  6:59  Supply Depot  
  70  7:00  SCV  
  74  7:08  Marauder  
  76  7:10  SCV  
  76  7:14  SCV  
  76  7:15  Terran Infantry Weapons Level 1  
  78  7:16  Concussive Shells, Marauder  
  78  7:22  SCV  
  81  7:23  Siege Tank  
  81  7:26  SCV  
  81  7:29  Marauder  
  87  7:34  SCV  
  87  7:35  Supply Depot  
  88  7:38  SCV  
  88  7:40  Engineering Bay  
  89  7:46  SCV  
  89  7:50  SCV  
  91  7:54  Missile Turret  
  91  7:58  Missile Turret  
  91  7:59  SCV  
  91  8:02  SCV  
  93  8:05  Terran Infantry Armor Level 1  
  93  8:07  Barracks, Starport Reactor  
  93  8:13  Marine  
  93  8:14  Marine  
  93  8:15  Supply Depot, Orbital Command  
  95  8:23  Siege Tank  
  98  8:30  Refinery  
  98  8:31  Marauder  
  98  8:32  Marauder  
  102  8:39  Supply Depot  
  102  8:40  Refinery  
  102  8:43  Marine, Medivac  
  102  8:44  Missile Turret  
  102  8:45  Medivac  
  102  8:46  Marine  
  91  8:52  Marine, SCV  
  91  8:53  Marine  
  91  8:54  Marine  
  71  9:01  Marine  
  71  9:02  SCV  
  68  9:04  Marine  
  69  9:10  Marine  
  69  9:12  Marauder, Marine  
  69  9:13  Siege Tank  
  76  9:19  Marine  
  76  9:22  Marine  
  78  9:28  Marauder  
  78  9:30  Marine, Missile Turret  
  81  9:33  Marauder  
  81  9:37  Marine  
  84  9:40  Marine  
  87  9:45  Widow Mine  
  87  9:50  Marauder  
  87  9:51  Missile Turret  
  89  9:54  Marauder  
  89  9:59  Command Center  
  93  10:07  Widow Mine, Armory  
  93  10:11  Marauder  
  95  10:16  Marauder  
  97  10:25  Medivac  
  97  10:28  Widow Mine  
  101  10:31  Supply Depot  
  101  10:32  Marauder  
  103  10:37  Marauder  
  105  10:45  Factory  
  105  10:49  Widow Mine  
  107  10:54  Marauder  
  107  10:55  Terran Infantry Weapons Level 2  
  107  10:56  Starport  
  109  11:03  Hi-Sec Auto Tracking  
  109  11:05  Barracks  
  109  11:08  Marine  
  109  11:10  Marine  
  109  11:11  Siege Tank  
  114  11:12  Marine  
  114  11:13  SCV x3  
  118  11:24  Refinery  
  118  11:25  Missile Turret, SCV x2  
  119  11:26  SCV  
  119  11:32  Missile Turret, Starport Tech Lab  
  121  11:33  Refinery  
  121  11:35  Supply Depot, Factory Tech Lab  
  121  11:37  SCV  
  121  11:38  SCV x2  
  124  11:42  Medivac, Barracks Tech Lab  
  124  11:43  Siege Tank  
  129  11:49  SCV  
  129  11:51  Command Center, Orbital Command  
  129  11:52  SCV  
  129  11:54  Raven  
  133  11:57  Siege Tank  
  133  12:00  Neosteel Armor  
  136  12:01  SCV, Supply Depot  
  136  12:04  SCV  
  138  12:13  SCV  
  138  12:15  Siege Tank  
  142  12:16  SCV  
  142  12:17  SCV  
  142  12:19  Terran Vehicle Weapons Level 1  
  144  12:25  Supply Depot, SCV  
  144  12:28  Raven, Marauder  
  144  12:29  Marauder, Cyclone  
  151  12:30  Marine, SCV, Marauder  
  151  12:31  Marine  
  151  12:32  Marine  
  107  12:48  Marine  
  107  12:49  Marine x2, Marauder  
  107  12:50  Marine  
  93  12:52  Marauder  
  93  12:56  Siege Tank  
  92  13:01  Siege Tank  
  80  13:06  Marine  
  80  13:07  Marine x2  
  80  13:11  Marauder  
  80  13:12  Marine  
  72  13:13  Marauder  
  72  13:18  SCV  
  70  13:24  Marine  
  70  13:25  Marine  
  70  13:26  Marauder  
  62  13:29  Marine  
  62  13:30  SCV  
  62  13:32  Marauder  
  46  13:34  Marine  
  42  13:41  Marine  
  42  13:43  Marine  
  42  13:46  Marine  
  42  13:47  Marine  
  41  13:52  Marauder  
  41  13:53  Marine  
  42  13:59  Marine  
  42  14:01  Marine  
  44  14:09  Marine  
  42  14:11  Marauder  
Tags
 
Add a new tag
Caveats
  • Supply blocks, unpowered buildings, or Contaminate may cause inaccurate times.
  • Supply counts are checked every 10 seconds.